 Dungeon Crawl Stone Soup version 0.31-a0-1539-g569d6c7dce (webtiles) character file.

Game seed: 17915633939120325335

1790 jt the Cleaver (level 8, -6/87 HPs)
             Began as a Minotaur Alchemist on Jan 1, 2024.
             Was a Follower of Sif Muna.
             Mangled by a gnoll
             ... wielding a +2 whip of electrocution
             ... led by a gnoll sergeant
              (18 damage)
             ... on level 6 of the Dungeon.
             The game lasted 00:15:56 (5503 turns).

jt the Cleaver (Minotaur Alchemist)                 Turns: 5503, Time: 00:15:57

Health: -6/87      AC: 24    Str: 15    XL:     8   Next: 82%
Magic:  4/9        EV:  2    Int: 12    God:    Sif Muna [*.....]
Gold:   273        SH:  0    Dex: 11    Spells: 8/9 levels left

rFire   . . .        a - +1 hand axe
rCold   . . .        (no shield)
rNeg    . . .        E - melded +0 steam dragon scales
rPois   +            (helmet currently unavailable)
rElec   .            g - melded +2 cloak
rCorr   .            (gloves currently unavailable)
SInv    .            (boots currently unavailable)
Will    .....        (no amulet)
Stlth   ++           j - ring of poison resistance
HPRegen 0.34/turn    C - +5 ring of evasion
MPRegen 0.11/turn

%: no passive effects
@: tree-form (expiring)
A: stationary, stasis, torment immunity, boosted hp, (horns 2), (retaliatory
headbutt)
a: Renounce Religion, Channel Magic


You were on level 6 of the Dungeon.
You worshipped Sif Muna.
Sif Muna was aware of your devotion.
You were a tree.
You visited 2 branches of the dungeon, and saw 7 of its levels.

You collected 273 gold pieces.

Inventory:

Hand Weapons
 a - a +1 hand axe (weapon)
 d - a +4 dagger
 s - a +0 sling
 u - a +0 spear
 v - a +2 short sword of draining
 x - a +0 spear of freezing
 z - a +0 halberd
 D - a +1 scimitar of flaming
Missiles
 e - 53 stones
 i - 2 boomerangs (quivered)
 w - 4 poisoned darts
 A - 2 throwing nets
Armour
 c - a +0 leather armour
 g - a +2 cloak (melded)
 h - a +0 scale mail
 q - a +0 chain mail
 E - +0 steam dragon scales (melded)
Jewellery
 j - a ring of poison resistance (left branch)
 C - a +5 ring of evasion (right branch)
Talismans
 t - a maw talisman
Wands
 m - a wand of digging (8)
Scrolls
 f - 3 scrolls of poison
 k - a scroll of blinking
 n - 2 scrolls of noise
 r - a scroll of teleportation
 y - a scroll of identify
 B - 3 scrolls of enchant armour
Potions
 b - 2 potions of magic
 l - a potion of lignification


   Skills:
 - Level 0.7 Fighting
 * Level 11.0 Axes
 + Level 7.6 Armour
 - Level 2.3 Dodging
 - Level 1.5 Stealth
 - Level 1.3 Spellcasting
 - Level 0.6 Conjurations
 - Level 2.1 Alchemy


You had 8 spell levels left.
You knew the following spells:

 Your Spells              Type           Power      Damage    Failure   Level
a - Sting                 Conj/Alch      16%        1d4       17%         1

Your spell library contained the following spells:

 Spells                   Type           Power      Damage    Failure   Level
 Mercury Vapours          Alch/Air       6%         N/A       28%         2
 Mephitic Cloud           Conj/Alch/Air  3%         N/A       52%         3
 Olgreb's Toxic Radiance  Alch           6%         N/A       75%         4
 Sticky Flame             Fire/Alch      3%         2d4       88%         4


Dungeon Overview and Level Annotations

Branches:
Dungeon (6/15)             Temple (1/1) D:4

Altars:
Ashenzari
Elyvilon
Fedhas
Makhleb
Nemelex Xobeh
Qazlal
Ru
Sif Muna
Uskayaw
Vehumet
Wu Jian
Xom
Yredelemnul
The Shining One

Shops:
D:5 (

Annotations:
D:3 1 runed translucent door, bmj180's ghost, amateur HuCj
D:4 2 transporters, gabibbone's ghost, amateur NaAl


Innate Abilities, Weirdness & Mutations

You are a tree.
Your roots penetrate the ground, keeping you stationary.
You cannot be teleported.
You are immune to unholy pain and torment.
Your maximum health is greatly increased.
Your equipment is partially melded.
((You have a pair of horns on your head.))
((You reflexively headbutt those who attack you in melee.))


Message History

Your Axes skill increases to level 11!
You feel better. The gnoll hits you but does no damage.
You closely miss the gnoll. The gnoll hits you with a +0 flail.
* * * LOW HITPOINT WARNING * * *
Press: ? - help, v - describe, . - travel, g - get item
Here: a gnoll, wielding a +2 whip of electrocution
Items here: a +0 spear; a gnoll corpse; the human corpse of Maggie.
The floor, spattered with blood.
You hit the gnoll but do no damage. The gnoll hits you but does no damage.
You hit the gnoll.
The gnoll is heavily wounded.
You hit the gnoll.
The gnoll is almost dead.
The gnoll hits you but does no damage.
You barely miss the gnoll.
The gnoll is almost dead.
The gnoll hits you but does no damage.
You hit the gnoll but do no damage.
The gnoll is almost dead.
The gnoll hits you but does no damage.
You hit the gnoll.
You kill the gnoll!
Sif Muna accepts your kill.
Casting: Sting (safe; 17% risk of failure)
Confirm with . or Enter, or press ? or * to list all spells.
Aiming: Sting (safe; 17% risk of failure)
Press: ? - help, Shift-Dir - straight line, f - gnoll
Aim: a gnoll, wielding a +2 whip of electrocution (69% to hit)
The sting hits the gnoll but does no damage.
The gnoll is poisoned.
Your magical contamination has completely faded away.
You closely miss the gnoll.
The gnoll is lightly wounded.
Your transformation is almost over.
The gnoll hits you with a +2 whip of electrocution.
* * * LOW HITPOINT WARNING * * *
You slash the gnoll!
The gnoll is severely wounded.
The gnoll hits you but does no damage.
You are electrocuted!!
You die...

#....#.#.g# '###
#....#.#:.# #
....##....#.#.[#.##.#
..........#.#.......#
...................>#
..........#g#.###....
........###)#.# .).
........# #g#.. .#
........# #♣#### #
........# #.####
........###......#
######........####
#..#.....# ######
###..#....... .....#
#....#.....##
.....####.......##.#
.....'.......##.# .#


You could see 2 gnolls.

Vanquished Creatures
  Maggie (D:6)
  Sigmund (D:6)
  A water moccasin (D:5)
  2 ice beasts
  A black bear (D:5)
  A sky beast (D:5)
  2 gnoll sergeants (D:6)
  A scorpion (D:6)
  A howler monkey (D:4)
  4 bombardier beetles
  2 jellies
  A sleepcap (D:6)
  3 iguanas
  2 orc wizards (D:5)
  6 adders
  12 gnolls
  A shadow imp (D:5)
  2 white imps
  2 ufetubi (D:5)
  A dart slug (D:2)
  4 ribbon worms
  11 orcs (D:5)
  5 bats
  7 endoplasms
  4 giant cockroaches
  11 goblins
  9 hobgoblins
  3 jackals (D:4)
  3 quokkas
  5 ball pythons
  4 frilled lizards
  10 kobolds
  8 rats
131 creatures vanquished.

Notes
Turn   | Place    | Note
-------+----------+-------------------------------------------
     0 | D:1      | jt the Minotaur Alchemist began the quest for the Orb.
     0 | D:1      | Reached XP level 1. HP: 14/14 MP: 1/1
   161 | D:1      | Reached skill level 1 in Axes
   165 | D:1      | Reached XP level 2. HP: 18/22 MP: 3/3
   397 | D:1      | Reached skill level 2 in Axes
   883 | D:1      | Reached XP level 3. HP: 27/27 MP: 0/4
  1150 | D:2      | Reached skill level 3 in Axes
  1195 | D:2      | Reached skill level 1 in Armour
  1709 | D:2      | Reached XP level 4. HP: 34/34 MP: 0/5
  2071 | D:3      | Found a runed translucent door.
  2071 | D:3      | Noticed bmj180's ghost (amateur HuCj)
  2117 | D:3      | Found a faded altar of an unknown god.
  2122 | D:3      | Reached skill level 4 in Axes
  2365 | D:3      | Reached XP level 5. HP: 37/39 MP: 4/6
  2414 | D:3      | Found a white marble altar of Elyvilon.
  2727 | D:4      | Reached skill level 5 in Axes
  2893 | D:4      | Found a transporter.
  2893 | D:4      | Noticed gabibbone's ghost (amateur NaAl)
  2961 | D:4      | Reached skill level 6 in Axes
  2961 | D:4      | Reached XP level 6. HP: 46/46 MP: 7/7
  3269 | D:4      | Found a transporter.
  3557 | D:4      | Found a staircase to the Ecumenical Temple.
  3569 | Temple   | Entered the Ecumenical Temple
  3597 | Temple   | Became a worshipper of Sif Muna the Loreminder
  3644 | D:5      | Entered Level 5 of the Dungeon
  3816 | D:5      | Found Noereomp's Weapon Shop.
  3910 | D:5      | Noticed an ice beast
  3920 | D:5      | Killed an ice beast
  3921 | D:5      | Reached skill level 7 in Axes
  3945 | D:5      | Found a radiant altar of Vehumet.
  3963 | D:5      | Found a broken altar of Ashenzari.
  4056 | D:5      | Noticed a water moccasin
  4236 | D:5      | Found a shimmering altar of Xom.
  4289 | D:6      | Reached XP level 7. HP: 51/51 MP: 5/8
  4289 | D:6      | Noticed Sigmund
  4300 | D:6      | Killed Sigmund
  4301 | D:6      | Reached skill level 5 in Armour
  4529 | D:5      | Found a stormy altar of Qazlal.
  4570 | D:5      | Reached skill level 8 in Axes
  4687 | D:5      | Reached * piety under Sif Muna
  4926 | D:5      | Reached skill level 9 in Axes
  4926 | D:5      | Reached XP level 8. HP: 53/58 MP: 9/9
  5397 | D:6      | Reached skill level 10 in Axes
  5415 | D:6      | Noticed Maggie
  5432 | D:6      | Killed Maggie
  5493 | D:6      | Reached skill level 11 in Axes
  5503 | D:6      | Mangled by a gnoll

Illustrated notes

Levels and vault maps discovered:
D:1:      lightli_arrival_flooded_house, layout_loops_ring,
          minmay_stone_trees_medium
D:2:      layout_rooms, dk_noncrumbling_3, minmay_tromino_mix6
D:3:      layout_loops_cross, elyvilon_altar_4,
          hellmonk_ecumenical_altar_arch_garden, hellmonk_ghost_happy_afterlife
D:4:      layout_rooms, temple_hall, gammafunk_ghost_stat_death
D:5:      layout_loops_ring, mainiacjoe_overflow_brackets,
          mainiacjoe_overflow_catwalk, mainiacjoe_overflow_swirl, serial_shops,
          nicolae_lakefront_shop, minmay_circle_x
D:6:      layout_basic, lemuel_flamethrower_1, uniq_sigmund, uniq_maggie
Temple:   kb_temple_of_zot

Skill      XL: |  1  2  3  4  5  6  7  8 |
---------------+-------------------------+-----
Axes           | 1 2 3 4 6 7 9 11 | 11.0
Armour         | 1 2 3 4 6 7 |  7.6
Fighting       | |  0.7
Dodging        | |  2.3
Stealth        | |  1.5
Spellcasting   | |  1.3
Conjurations   | |  0.6
Alchemy        | |  2.1

Action                     |  1- 3 |  4- 6 |  7- 9 || total
---------------------------+-------+-------+-------++-------
  Melee: Hand axe          |    81 |   168 |   153 ||   402
         Headbutt          |     9 |    24 |    29 ||    62
         Punch             |       |     1 |     6 ||     7
         Halberd           |       |       |     4 ||     4
   Fire: Sling             |       |       |    24 ||    24
  Throw: Boomerang         |     7 |       |    22 ||    29
   Cast: Sting             |    24 |    17 |     5 ||    46
  Evoke: Wand              |       |     1 |     2 ||     3
    Use: Scroll            |     2 |     6 |     2 ||    10
         Potion            |       |     6 |     3 ||     9
 Armour: Leather armour    |    12 |       |       ||    12
         Scale mail        |    31 |   117 |    39 ||   187
         Chain mail        |       |       |    31 ||    31
         Skin              |       |       |    20 ||    20
         Steam dragon scal |       |       |    11 ||    11
  Dodge: Dodged            |    34 |    81 |    88 ||   203

Table legend: (Time is in decaauts)
 A = Elapsed time spent in this place.
 B = Non-inter-level travel time spent in this place.
 C = Inter-level travel time spent in this place.
 D = Time resting spent in this place.
 E = Time spent auto-exploring this place.
 F = Levels seen in this place.
 G = Mean time per level.
                   A        B        C        D        E       F      G
               +--------+--------+--------+--------+--------+-----+--------+
         Total |   5517 |   5280 |    237 |    804 |   2744 |   7 |  788.1 |
       Dungeon |   5460 |   5277 |    183 |    804 |   2744 |   6 |  910.0 |
        Temple |     56 |      2 |     54 |      0 |      0 |   1 |   56.0 |
               +--------+--------+--------+--------+--------+-----+--------+

Top non-repeatable levels by time:
     D:5: 1174 daAuts
     D:1: 1063 daAuts
     D:4: 944 daAuts
     D:3: 910 daAuts
     D:2: 849 daAuts
     D:6: 518 daAuts
  Temple: 56 daAuts
